 Dungeon Crawl Stone Soup version 0.25.0-11-g1f837a76a1 (webtiles) character file.

Game seed: 1998051698428529174

12812 nikku the Thaumaturge (level 11, -2/70 HPs)
             Began as a Deep Elf Conjurer on June 24, 2020.
             Was an Elder of Vehumet.
             Hit by a javelin thrown by Urug (17 damage)
             ... on level 10 of the Dungeon on June 25, 2020.
             The game lasted 00:50:18 (12162 turns).

nikku the Thaumaturge (Deep Elf Conjurer)          Turns: 12162, Time: 00:50:18

Health: -2/70      AC:  7    Str:  5    XL:     11   Next: 67%
Magic:  17/30      EV: 13    Int: 24    God:    Vehumet [****..]
Gold:   451        SH:  0    Dex: 15    Spells: 18/36 levels left

rFire    . . .     SeeInvis .   a - staff of conjuration
rCold    . . .     Gourm    .   (no shield)
rNeg     . . .     Faith    .   j - +2 robe {Archmagi}
rPois    .         Spirit   .   (helmet restricted)
rElec    .         Reflect  .   (no cloak)
rCorr    .         Harm     .   r - +2 pair of gloves
MR       ++...                  (no boots)
Stlth    +++.......             (no amulet)
HPRegen  0.21/turn              i - ring of stealth
MPRegen  0.22/turn              k - ring of protection from magic

@: no status effects
A: antennae 1, robust 1, wild magic 1, evolution 1
a: Renounce Religion


You were on level 10 of the Dungeon.
You worshipped Vehumet.
Vehumet was greatly pleased with you.
You were not hungry.

You visited 2 branches of the dungeon, and saw 11 of its levels.
You also visited: Sewer.

You collected 451 gold pieces.

Inventory:

Hand Weapons
 b - the +3 trident of Conscience {protect, rElec Int+4}
   (You found it on level 4 of the Dungeon)

   It grants its wielder temporary protection when it strikes (+7 to AC).
   It affects your intelligence (+4).
   It insulates you from electricity.
Missiles
 h - 33 poisoned darts (quivered)
Armour
 j - a +2 robe of the Archmagi (worn)
 n - the +2 robe of Fedhas's Whim {+Inv}
   (You found it on level 6 of the Dungeon)

   It lets you turn invisible.
 r - a +2 pair of gloves (worn)
 t - +0 steam dragon scales
Magical Staves
 a - an uncursed staff of conjuration (weapon)
Jewellery
 i - a ring of stealth (left hand)
 k - a ring of protection from magic (right hand)
Wands
 q - a wand of random effects (9)
 x - a wand of acid (5)
 A - a wand of polymorph (7)
Scrolls
 f - a scroll of amnesia
 o - 4 scrolls of enchant weapon
 p - 4 scrolls of teleportation
 s - 4 scrolls of remove curse
 w - 2 scrolls of fog
 y - a scroll of identify
Potions
 d - 5 potions of curing
 e - 4 potions of flight
 g - a potion of mutation
 l - a potion of heal wounds
 m - a potion of lignification {unknown}
 u - 2 potions of degeneration {unknown}
 v - a potion of resistance {unknown}
Comestibles
 c - 14 rations
 z - 10 chunks of flesh


   Skills:
 + Level 6.1 Fighting
 - Level 2.4 Dodging
 - Level 2.4 Stealth
 + Level 13.3 Spellcasting
 + Level 12.0 Conjurations
 - Level 8.5 Hexes
 - Level 7.0 Translocations


You had 18 spell levels left.
You knew the following spells:

 Your Spells              Type           Power        Failure   Level  Hunger
a - Magic Dart            Conj           ####         1%          1    None
b - Searing Ray           Conj           ######       1%          2    None
c - Fulminant Prism       Conj/Hex       ########..   1%          4    None
d - Iskenderun's Mystic   Conj/Tloc      ########     1%          4    None
e - Orb of Destruction    Conj           ########..   9%          7    ######.

Your spell library contained the following spells:

 Spells                   Type           Power        Failure   Level  Hunger
 Conjure Flame            Conj/Fire      #######.     1%          3    None
 Sandblast                Erth           ####..       1%          1    None
 Confusing Touch          Hex            #######.     1%          3    None
 Dazzling Flash           Conj/Hex       ######       1%          3    None
 Gell's Gravitas          Tloc           #######...   1%          3    None
 Mephitic Cloud           Conj/Pois/Air  #######.     1%          3    None
 Stone Arrow              Conj/Erth      ######       1%          3    None
 Iskenderun's Battlesphe  Conj/Chrm      #######.     3%          5    ###....
 Ignite Poison            Fire/Tmut/Pois ####....     4%          3    None
 Sting                    Tmut/Pois      ####         6%          1    None
 Yara's Violent Unravell  Hex/Tmut       ######....   7%          5    ###....
 Bolt of Magma            Conj/Fire/Erth #######...   8%          5    ###....
 Passwall                 Tmut/Erth      ####....     9%          2    None
 Poisonous Vapours        Pois/Air       ####..       9%          2    None
 Olgreb's Toxic Radiance  Pois           ####....     13%         4    None
 Iron Shot                Conj/Erth      #######...   16%         6    #####..
 Metabolic Englaciation   Hex/Ice        ######....   26%         5    ###....
 Lee's Rapid Deconstruct  Erth           ####......   32%         5    ###....
 Petrify                  Tmut/Erth      ####....     45%         4    None
 Spellforged Servitor     Conj/Summ      #######...   58%         7    ######.


Dungeon Overview and Level Annotations

Branches:
Dungeon (10/15)            Temple (1/1) D:6           Sewer (visited)
   Lair: D:8-11         Orc: D:9-12

Altars:
Ashenzari
Cheibriados
Elyvilon
Fedhas
Hepliaklqana
Kikubaaqudgha
Makhleb
Nemelex Xobeh
Okawaru
Qazlal
Sif Muna
Trog
Uskayaw
Vehumet
Wu Jian
Xom
Zin
The Shining One

Shops:
D:5 %[}}}

Annotations:
D:10 Urug


Innate Abilities, Weirdness & Mutations

You have a pair of small antennae on your head.
You are robust. (+10% HP)
Your spells are a little harder to cast, but a little more powerful.
You evolve.


Message History

You feel a strong surge of power!
You conjure a prism of explosive energy!
A fulminant prism comes into view.
Your fulminant prism crackles loudly.
Urug throws a javelin.
The javelin pierces through you!
Your fulminant prism explodes!
The blast of energy engulfs Urug!!
Urug is severely wounded.
You see here a javelin.
Casting: Fulminant Prism (safe; 1% risk of failure)
Confirm with . or Enter, or press ? or * to list all spells.
Aiming: Fulminant Prism (safe; 1% risk of failure)
Press: ? - help, Dir - move target cursor You feel a strong surge of power!
You conjure a prism of explosive energy!
A fulminant prism comes into view.
Urug throws a javelin.
The javelin pierces through you!
* * * LOW HITPOINT WARNING * * *
Urug throws a javelin.
The javelin pierces through you!
You die...

## #.......#.#
###..#.#
#.......#.#
#...<#.#
#..(......#
#.####.#
#......#..#
#....#.#
##......#..#
####+#.#
........'.># ..#
#......#### #
#......#
..####..@########
.o..##..(........
...*.###.........
..P...##.*.......
.......#.........
...P...o.........
.....###.........
... .......... .
.##########


You could see Urug and a friendly fulminant prism.

Vanquished Creatures
  An orc warlord (D:7)
  Snorg (D:10)
  2 unseen horrors (D:10)
  An orc knight (D:7)
  Psyche (D:10)
  Joseph (D:7)
  Maggie (D:7)
  2 hippogriffs
  Sigmund (D:3)
  10 yaks (D:10)
  A basilisk (D:10)
  Edmund (D:6)
  14 wargs (D:7)
  3 water moccasins
  2 ice beasts
  7 orc warriors
  2 sky beasts
  A black bear (D:7)
  6 ogres
  4 centaurs
  A crocodile (D:10)
  2 big kobolds
  6 bullfrogs
  A scorpion (D:8)
  3 killer bees (D:8)
  An electric eel (D:9)
  5 wights (D:7)
  2 howler monkeys
  4 crimson imps
  5 hounds
  3 jellies
  2 bullfrog skeletons
  3 orc priests
  2 orc wizards (D:10)
  Natasha (thrice) (D:4)
  3 iguanas
  6 worker ants
  3 hound skeletons
  A howler monkey zombie (D:8)
  4 gnolls (D:6)
  14 adders
  A river rat (Sewer)
  3 shadow imps
  An adder zombie (D:8)
  A worm (D:5)
  3 dart slugs
  8 leopard geckos
  67 orcs
  4 giant cockroaches
  5 goblins
  2 hobgoblins
  16 jackals
  4 quokkas
  3 ball pythons
  5 bats
  4 frilled lizards
  19 kobolds
  A quokka zombie (D:5)
  14 rats
  A plant (D:10)
298 creatures vanquished.

Vanquished Creatures (others)
  40 fulminant prisms
  2 fungi (D:10)
42 creatures vanquished.

Grand Total: 340 creatures vanquished

Notes
Turn   | Place    | Note
-------+----------+-------------------------------------------
     0 | D:1      | nikku the Deep Elf Conjurer began the quest for the Orb.
     0 | D:1      | Reached XP level 1. HP: 10/10 MP: 6/6
   406 | D:1      | Reached XP level 2. HP: 15/15 MP: 6/8
   410 | D:1      | Learned a level 2 spell: Searing Ray
  1243 | D:1      | Reached skill level 4 in Spellcasting
  1377 | D:2      | Reached XP level 3. HP: 19/19 MP: 8/10
  1386 | D:2      | Reached skill level 5 in Conjurations
  2024 | D:2      | Found a snail-covered altar of Cheibriados.
  2035 | D:2      | Found a glowing golden altar of the Shining One.
  2261 | D:3      | Reached XP level 4. HP: 22/24 MP: 7/12
  2267 | D:3      | Learned a level 4 spell: Fulminant Prism
  2272 | D:3      | Learned a level 4 spell: Iskenderun's Mystic Blast
  2352 | D:3      | Found a glowing drain.
  2373 | Sewer    | Entered a sewer
  2495 | Sewer    | Noticed a big kobold
  2508 | Sewer    | Killed a big kobold
  2508 | Sewer    | Reached skill level 5 in Spellcasting
  2508 | Sewer    | Reached skill level 1 in Hexes
  2508 | Sewer    | Reached skill level 1 in Translocations
  2508 | Sewer    | Reached XP level 5. HP: 28/28 MP: 1/14
  2659 | Sewer    | Found a glowing silver altar of Zin.
  2745 | D:3      | Noticed Sigmund
  2749 | D:3      | Killed Sigmund
  2749 | D:3      | Reached XP level 6. HP: 32/32 MP: 10/16
  2893 | D:3      | Found a burning altar of Makhleb.
  3041 | D:3      | You fall into a shaft and drop 1 floor!
  3050 | D:3      | You fall into a shaft and drop 2 floors!
  3050 | D:5      | Entered Level 5 of the Dungeon
  3050 | D:5      | Found Qecoyju's Antique Armour Emporium.
  3101 | D:5      | Noticed an ice beast
  3166 | D:4      | Reached skill level 6 in Spellcasting
  3256 | D:4      | Noticed Natasha
  3263 | D:4      | Killed Natasha
  3513 | D:4      | Got a faintly glowing trident
  3515 | D:4      | Identified the +3 trident of Conscience {protect, rElec
                  | Int+4} (You found it on level 4 of the Dungeon)
  3704 | D:4      | Reached XP level 7. HP: 36/36 MP: 11/18
  3872 | D:4      | Noticed Natasha
  3875 | D:4      | Killed Natasha
  4351 | D:4      | Noticed Natasha
  4354 | D:4      | Killed Natasha
  4668 | D:5      | Found Yhorogauq's Gadget Emporium.
  4676 | D:5      | Found Guschoum's Gadget Emporium.
  4776 | D:5      | Found a bloodstained altar of Trog.
  4783 | D:5      | Reached skill level 7 in Spellcasting
  4841 | D:5      | Reached skill level 5 in Hexes
  5014 | D:5      | Found Hoiduh's Food Shop.
  5064 | D:5      | Reached XP level 8. HP: 41/41 MP: 15/21
  5239 | D:5      | Found Xiotumo's Gadget Emporium.
  5454 | D:6      | Found a staircase to the Ecumenical Temple.
  5528 | Temple   | Entered the Ecumenical Temple
  5714 | Temple   | Became a worshipper of Vehumet
  5872 | D:6      | Reached skill level 8 in Spellcasting
  5872 | D:6      | Reached skill level 5 in Translocations
  6117 | D:6      | Noticed Edmund
  6124 | D:6      | Killed Edmund
  6864 | D:7      | Noticed Maggie
  6867 | D:7      | Reached XP level 9. HP: 45/45 MP: 7/23
  6873 | D:7      | Killed Maggie
  6873 | D:7      | Reached skill level 9 in Spellcasting
  6971 | D:7      | Reached * piety under Vehumet
  6971 | D:7      | Offered knowledge of Foxfire by Vehumet.
  7107 | D:7      | Noticed Joseph
  7188 | D:7      | Killed Joseph
  7566 | D:7      | Reached skill level 10 in Spellcasting
  7696 | D:7      | Found an iron altar of Okawaru.
  7835 | D:7      | Reached skill level 1 in Fighting
  7859 | D:7      | HP: 2/47 [warg (15)]
  8044 | D:7      | Reached XP level 10. HP: 39/52 MP: 19/26
  8178 | D:7      | Offered knowledge of Freeze by Vehumet.
  8195 | D:7      | Reached ** piety under Vehumet
  8701 | D:7      | Noticed an orc warlord
  8716 | D:7      | Killed an orc warlord
  8716 | D:7      | Reached skill level 11 in Spellcasting
  8716 | D:7      | Reached skill level 10 in Conjurations
  8914 | D:6      | Got an ichor-stained robe
  8943 | D:7      | Identified the +2 robe of Fedhas's Whim {+Inv} (You found
                  | it on level 6 of the Dungeon)
  9012 | D:7      | Offered knowledge of Inner Flame by Vehumet.
  9025 | D:7      | Noticed an orc knight
  9041 | D:7      | Killed an orc knight
  9333 | D:7      | Reached *** piety under Vehumet
  9583 | D:8      | Reached skill level 12 in Spellcasting
 10097 | D:8      | Reached XP level 11. HP: 62/62 MP: 24/29
 10099 | D:8      | Offered knowledge of Sticky Flame by Vehumet.
 10334 | D:8      | Gained mutation: You are weak. (Str -2) [potion of
                  | mutation]
 10334 | D:8      | Gained mutation: Your magical capacity is low. (-10% MP)
                  | [potion of mutation]
 10334 | D:8      | Gained mutation: You expend magic power (3 MP) to
                  | strengthen your wands. [potion of mutation]
 10335 | D:8      | Lost mutation: You are weak. (Str -2) [potion of mutation]
 10335 | D:8      | Lost mutation: You expend magic power (3 MP) to strengthen
                  | your wands. [potion of mutation]
 10335 | D:8      | Lost mutation: Your magical capacity is low. (-10% MP)
                  | [potion of mutation]
 10335 | D:8      | Gained mutation: You have a pair of small antennae on your
                  | head. [potion of mutation]
 10335 | D:8      | Gained mutation: Your spells are a little harder to cast,
                  | but a little more powerful. [potion of mutation]
 10335 | D:8      | Gained mutation: You evolve. [potion of mutation]
 10335 | D:8      | Gained mutation: You are robust. (+10% HP) [potion of
                  | mutation]
 10344 | D:8      | Learned a level 7 spell: Orb of Destruction
 10578 | D:9      | Found a stormy altar of Qazlal.
 11045 | D:10     | Entered Level 10 of the Dungeon
 11083 | D:10     | Killed an unseen horror
 11083 | D:10     | Reached skill level 5 in Fighting
 11489 | D:10     | Noticed Psyche
 11495 | D:10     | Killed Psyche
 11511 | D:10     | Noticed Snorg
 11565 | D:10     | Killed an unseen horror
 11788 | D:10     | Reached **** piety under Vehumet
 11829 | D:10     | Killed Snorg
 11829 | D:10     | Reached skill level 13 in Spellcasting
 11996 | D:10     | Offered knowledge of Conjure Flame by Vehumet.
 12148 | D:10     | Noticed Urug
 12162 | D:10     | Hit by a javelin thrown by Urug

Illustrated notes

Levels and vault maps discovered:
D:1:      onia_arrival_pyramid, layout_basic
D:2:      layout_basic, grunt_temple_overflow_open,
          ebering_dispersal_statue_hall
D:3:      layout_basic, nicolae_overflow_hidden_temple,
          nicolae_ru_path_of_blood, old_standard_altar,
          cheibrodos_sewer_entry_drain, grunt_decor_fettered,
          minmay_misc_feat_ornament, uniq_sigmund
D:4:      layout_basic, first_ration, uniq_natasha
D:5:      layout_rooms, bloody_trog, serial_shops, nicolae_shop_trees, shop,
          nicolae_shop_waterfront, nicolae_shop_temple_entry_statues_fountains,
          shop
D:6:      layout_cave_pods, temple_green, minivault_4, uniq_edmund
D:7:      lemuel_castle_with_subvaults [lemuel_castle_interior_carwin_1],
          layout_rooms, kennysheep_okawaru_gauntlet, uniq_maggie, uniq_joseph
D:8:      layout_cave_pools
D:9:      layout_basic, grunt_qazlal_clouds
D:10:     layout_basic, david_lair_generic, hiddenorc1_lemuel, uniq_psyche,
          uniq_urug, uniq_snorg
Temple:   minmay_temple_bridge_abc

Skill      XL: |  1  2  3  4  5  6  7  8  9 10 11 |
---------------+----------------------------------+-----
Spellcasting   | 4 5 6 7 8 10 12 13 | 13.3
Conjurations   | 5 6 7 8 9 10 12 | 12.0
Hexes          | 1 2 3 5 7 8 |  8.5
Translocations | 1 2 3 4 5 7 |  7.0
Fighting       | 1 4 6 |  6.1
Dodging        | |  2.4
Stealth        | |  2.4

Action                   |  1- 3 |  4- 6 |  7- 9 | 10-12 || total
-------------------------+-------+-------+-------+-------++-------
Melee: Spear             |       |     9 |       |       ||     9
       Trident           |       |       |     6 |       ||     6
       Staff             |       |       |       |     1 ||     1
 Cast: Magic Dart        |    61 |    75 |   140 |   189 ||   465
       Searing Ray       |     3 |    12 |    42 |    54 ||   111
       Fulminant Prism   |       |       |    12 |    29 ||    41
       Iskenderun's Myst |       |       |     3 |    19 ||    22
  Use: Scroll            |    10 |     2 |     7 |     5 ||    24
       Potion            |       |       |     1 |     2 ||     3
  Eat: Chunk             |     3 |     5 |    10 |     9 ||    27
       Ration            |       |       |     1 |     1 ||     2
Armor: Robe              |     1 |     8 |     4 |    12 ||    25
Dodge: Dodged            |     8 |     8 |    36 |    32 ||    84
